 Dungeon Crawl Stone Soup version 0.22.0-32-gbc6daba (webtiles) character file.

133 HEYYEYAAE the Poker (level 4, -2/38 HPs)
             Began as a Demigod Gladiator on Aug 23, 2018.
             Splashed by a jelly's acid (5 damage)
             ... on level 2 of the Dungeon.
             The game lasted 00:01:44 (1280 turns).

HEYYEYAAE the Poker (Demigod Gladiator)             Turns: 1280, Time: 00:01:45

Health: -2/38      AC: 12    Str: 19    XL:     4   Next: 64%
Magic:  15/15      EV:  8    Int: 12    God:
Gold:   113        SH:  0    Dex: 17    Spells: 3/3 levels left

rFire    . . .     SeeInvis .   a - +0 trident
rCold    . . .     Gourm    .   (no shield)
rNeg     + . .     Faith    .   n - +2 chain mail {rN+}
rPois    .         Spirit   .   p - +2 hat
rElec    .         Reflect  .   (no cloak)
rCorr    .         Harm     .   (no gloves)
MR       .....                  (no boots)
Stlth    ..........             (no amulet)
HPRegen  0.12/turn              i - ring of magical power
MPRegen  0.14/turn              (no ring)

@: no status effects
A: high mp 1
a: no special abilities


You were on level 2 of the Dungeon.
You were hungry.

You visited 1 branch of the dungeon, and saw 2 of its levels.

You collected 113 gold pieces.

Inventory:

Hand Weapons
 a - a +0 trident (weapon)
Missiles
 d - 3 throwing nets (quivered)
Armour
 b - a +0 leather armour
 c - a +0 helmet
 j - a +1 hat
 n - a +2 chain mail of positive energy (worn)
 p - a +2 hat (worn)
Jewellery
 i - a ring of magical power (left hand)
Scrolls
 e - 2 scrolls of fog {unknown}
 h - 3 scrolls of remove curse {unknown}
 l - a scroll of immolation {unknown}
 m - 3 scrolls of magic mapping {unknown}
 o - a scroll of enchant weapon {unknown}
 q - 5 scrolls of identify {unknown}
 r - a scroll of amnesia {unknown}
Potions
 g - 4 potions of degeneration {unknown}
 k - a potion of lignification {unknown}
 s - a potion of flight {unknown}
Comestibles
 f - 2 rations


   Skills:
 + Level 3.0 Fighting
 * Level 4.5 Polearms
 - Level 1.7 Throwing
 - Level 2.6 Dodging


You had 3 spell levels left.
You didn't know any spells.
Your spell library was empty.

Dungeon Overview and Level Annotations

Branches:
Dungeon (2/15)


Innate Abilities, Weirdness & Mutations

You have an increased reservoir of magic. (+10% MP)


Message History

You are too injured to fight recklessly!
You are too injured to fight recklessly!
You are too injured to fight recklessly!
You are too injured to fight recklessly!
You are too injured to fight recklessly!
You are too injured to fight recklessly!
You are too injured to fight recklessly!
You are too injured to fight recklessly!
You puncture the ooze!
You kill the ooze!
There is an open door here.
Your chain mail prevents you from hitting the jelly.
The jelly hits you.
* * * LOW HITPOINT WARNING * * *
You are splashed with acid!
The acid burns!
* * * LOW HITPOINT WARNING * * *
The ooze hits you.
* * * LOW HITPOINT WARNING * * *
You hit the jelly.
Your hands burn!
You die...

#.# #.# #.......# ###
#.###### #.####.......#
#......###...##.......#
########.##...###....####
## .......>......#
#....'..## #.
########.##...#
########.#######.
#.###..#
##...†..###...... #.#
#..###'####### ######.
#.# #..##@J÷...... #. #.#
#..##.J.....÷. #. #.#
#..##.....P.P. #. #.#
#..##.P...÷... #. #.#
#..##...P....÷ ######.
##. #..##........:
#....## #..
#..########### ####.##
#.# #..########## #.# #.#
##..#..##.#.# # #.#


You could see a jelly and an ooze.

Vanquished Creatures
  A jelly (D:2)
  8 oozes (D:2)
  A dart slug (D:1)
  3 leopard geckos
  4 bats
  2 giant cockroaches
  7 goblins
  8 hobgoblins
  3 jackals (D:1)
  A ball python (D:1)
  4 frilled lizards
  16 kobolds
  6 rats
64 creatures vanquished.

Vanquished Creatures (others)
  3 fungi (D:2)
  8 toadstools (D:2)
11 creatures vanquished.

Grand Total: 75 creatures vanquished

Notes
Turn   | Place    | Note
-------+----------+-------------------------------------------
     0 | D:1      | HEYYEYAAE the Demigod Gladiator began the quest for the Orb.
     0 | D:1      | Reached XP level 1. HP: 17/17 MP: 3/3
    74 | D:1      | Reached skill level 3 in Polearms
   122 | D:1      | Reached XP level 2. HP: 24/24 MP: 4/4
   316 | D:1      | Reached XP level 3. HP: 29/30 MP: 5/5
   935 | D:2      | Found a shattered altar of Ashenzari.
   941 | D:2      | Found a sparkling altar of Nemelex Xobeh.
  1107 | D:2      | Found a basalt altar of Yredelemnul.
  1243 | D:2      | Reached skill level 4 in Polearms
  1259 | D:2      | Reached XP level 4. HP: 25/37 MP: 6/6
  1280 | D:2      | Splashed by a jelly's acid

Skill      XL: |  1  2  3  4 |
---------------+-------------+-----
Fighting       | 2 3 |  3.0
Polearms       | 3 4 |  4.5
Throwing       | |  1.7
Dodging        | |  2.6

Action                   |  1- 3 |  4- 6 || total
-------------------------+-------+-------++-------
Melee: Trident           |   164 |    14 ||   178
 Stab: Sleeping          |     1 |       ||     1
  Eat: Chunk             |     1 |       ||     1
Armor: Leather armour    |    21 |       ||    21
       Chain mail        |    61 |    12 ||    73
Dodge: Dodged            |    90 |     7 ||    97
